 Dungeon Crawl Stone Soup version 0.27-a0-1273-gec92ba881d (webtiles) character file.

Game seed: 3986535469247316951

699 BLEDA the Covert (level 7, -7/47 HPs)
             Began as an Octopode Brigand on June 10, 2021.
             Was a Believer of Makhleb.
             Killed by nerve-wracking pain
             ... invoked by Menkaure
              (11 damage)
             ... on level 4 of the Dungeon on June 11, 2021.
             The game lasted 00:21:05 (5213 turns).

BLEDA the Covert (Octopode Brigand)                 Turns: 5213, Time: 00:21:06

Health: -7/47      AC:  1    Str: 16    XL:     7   Next: 65%
Magic:  7/7        EV: 14    Int: 15    God:    Makhleb [**....]
Gold:   179        SH:  0    Dex: 14    Spells: 6/6 levels left

rFire    . . .     SeeInvis .   a - +2 dagger
rCold    + . .     Faith    .   (no shield)
rNeg     . . .     Spirit   .   (helmet restricted)
rPois    .         Reflect  .   (no amulet)
rElec    .         Harm     .   e - ring of protection from cold
rCorr    .         Rampage  .   l - +6 ring of strength
Will     .....                  (no ring)
Stlth    +++++.....             (no ring)
HPRegen  0.15/turn              (no ring)
MPRegen  0.10/turn              (no ring)
                                (no ring)
                                (no ring)

@: no status effects
A: almost no armour, amphibious, 8 rings, camouflage 1, gelatinous body 1,
(nimble swimmer 1), tentacles
a: Renounce Religion, Minor Destruction


You were on level 4 of the Dungeon.
You worshipped Makhleb.
Makhleb was pleased with you.
You visited 1 branch of the dungeon, and saw 4 of its levels.

You collected 231 gold pieces.
You spent 52 gold pieces at shops.

Inventory:

Hand Weapons
 a - a +2 dagger (weapon)
Missiles
 b - 40 poisoned darts (quivered)
 c - 6 curare-tipped darts
Jewellery
 e - a ring of protection from cold (left tentacle)
 l - a +6 ring of strength (right tentacle)
Scrolls
 h - a scroll of teleportation
 j - a scroll of fear
 n - a scroll of identify
 o - a scroll of vulnerability {unknown}
Potions
 d - a potion of resistance
 f - 2 potions of curing
 g - 2 potions of might
 i - a potion of haste
 k - a potion of lignification {unknown}
 m - a potion of attraction {unknown}


   Skills:
 + Level 3.7 Fighting
 + Level 3.9 Short Blades
 + Level 3.7 Throwing
 + Level 3.2 Dodging
 * Level 8.6 Stealth


You had 6 spell levels left.
You didn't know any spells.
Your spell library was empty.

Dungeon Overview and Level Annotations

Branches:
Dungeon (4/15)
 Temple: D:4-7

Altars:
Makhleb

Shops:
D:1 [   D:2 [   D:3 *

Annotations:
D:4 Menkaure


Innate Abilities, Weirdness & Mutations

You cannot wear most types of armour.
You are amphibious.
You can wear up to eight rings at the same time.
Your skin changes colour to match your surroundings (Stealth+).
Your rubbery body absorbs attacks. (AC +1, EV +1)
((You are camouflaged near water. (Stealth+)))
You have tentacles for arms and can constrict up to eight enemies at once.


Message History

Menkaure mumbles some strange words.
Menkaure seems to speed up.
Throw: 40 darts (poison)
Press: ? - help, Q - select action, (/) - cycle Shift-Dir - straight line, f - Menkaure
Aim: Menkaure (fast, 75% to hit)
Okay, then.
Press: ? - help, Shift-Dir - straight line, f - Menkaure
Aim: Menkaure (fast)
The stone arrow hits Menkaure!
Menkaure is moderately damaged.
Press: ? - help, Shift-Dir - straight line, f/p - Menkaure
Aim: Menkaure (moderately damaged, fast)
The stone arrow hits Menkaure!
Menkaure is severely damaged.
Menkaure calls on the powers of darkness!
Your body is wracked with pain!
Press: ? - help, Shift-Dir - straight line, f/p - Menkaure
Aim: Menkaure (severely damaged, fast)
You fail to use your ability.
Menkaure points at you and mumbles some strange words.
You struggle to resist.
Press: ? - help, Shift-Dir - straight line, f/p - Menkaure
Aim: Menkaure (severely damaged, fast) Menkaure is unaffected.
Press: ? - help, Shift-Dir - straight line, f/p - Menkaure
Aim: Menkaure (severely damaged, fast)
You fail to use your ability.
Menkaure points at you and mumbles some strange words.
You struggle to resist.
Menkaure points at you and mumbles some strange words.
Pain shoots through your body!
* * * LOW HITPOINT WARNING * * *
Menkaure points at you and mumbles some strange words.
Pain shoots through your body!
* * * LOW HITPOINT WARNING * * *
Menkaure giggles, "These cerements are ticklish..."
Menkaure whispers, "It doesn't hurt if you pull your brain out of your nose yourself."
Menkaure gestures at you while chanting.
Pain shoots through your body!
You die...

############## #####
#............# #...#
#.########...# #...######
#.######.#...### #.........
#.#......#.....# #.........
######.#.####.#.#...# #.........
#......#.#..#.#.#...# #.........
#.######.#..#.#@#...# #.........
#.# #.#..#.#.#...###......... #)#
#.##.#.#.#...'........... #.#
#...<#.#M#...######......
#.###########.#.#...#######....#
##.............#.###>[.....'....'
#..............#.#######.###....#
##.#####.....#.#.......#.# #....#
#.# #)....#...........# #....#


You could see Menkaure (fast).

Vanquished Creatures
  Sigmund (D:4)
  Edmund (D:4)
  Purgy (D:4)
  2 iguanas (D:4)
  3 orc wizards (D:4)
  A killer bee zombie (D:4)
  A hound skeleton (D:4)
  8 adders
  An adder skeleton (D:4)
  A worm (D:3)
  A dart slug (D:2)
  8 orcs
  4 bats
  10 endoplasms
  3 giant cockroaches
  6 goblins
  13 hobgoblins
  8 jackals
  A quokka (D:2)
  3 ball pythons
  2 frilled lizards
  6 kobolds
  3 rats
88 creatures vanquished.

Notes
Turn   | Place    | Note
-------+----------+-------------------------------------------
     0 | D:1      | BLEDA the Octopode Brigand began the quest for the Orb.
     0 | D:1      | Reached XP level 1. HP: 14/14 MP: 1/1
   164 | D:1      | Reached XP level 2. HP: 19/19 MP: 2/2
   370 | D:1      | Found Wuemirgh's Antique Armour Shoppe.
   594 | D:1      | Found a faded altar of an unknown god.
   609 | D:1      | Became a worshipper of Makhleb the Destroyer
   609 | D:1      | Reached * piety under Makhleb
  1203 | D:2      | Reached XP level 3. HP: 24/24 MP: 3/3
  1279 | D:2      | Reached skill level 6 in Stealth
  1400 | D:2      | Reached XP level 4. HP: 30/30 MP: 4/4
  1566 | D:2      | You fall into a shaft and drop 1 floor!
  1568 | D:3      | Found Mosu's Assorted Antiques.
  1626 | D:3      | Bought a scroll labelled PUKEPN JASK for 26 gold pieces
  1626 | D:3      | Bought a scroll labelled ZENUCS MORUE for 26 gold pieces
  1794 | D:2      | Found Varphy's Antique Armour Boutique.
  1798 | D:2      | Reached ** piety under Makhleb
  2185 | D:3      | Reached XP level 5. HP: 35/35 MP: 5/5
  2586 | D:3      | Upgraded the game from 0.27-a0-1256-gced786f65e to
                  | 0.27-a0-1273-gec92ba881d
  2612 | D:4      | Noticed Edmund
  3135 | D:4      | Reached skill level 7 in Stealth
  3152 | D:4      | Reached XP level 6. HP: 19/41 MP: 6/6
  3550 | D:4      | Noticed Purgy
  3896 | D:4      | Killed Purgy
  4278 | D:4      | Noticed Sigmund
  4333 | D:4      | Noticed Menkaure
  4392 | D:4      | Killed Sigmund
  4393 | D:4      | Reached skill level 8 in Stealth
  4393 | D:4      | Reached XP level 7. HP: 43/46 MP: 7/7
  4766 | D:4      | Killed Edmund
  5213 | D:4      | Killed from afar by Menkaure

Illustrated notes

Levels and vault maps discovered:
D:1:      minmay_arrival_stone_box, layout_loops_corners,
          hellmonk_ecumenical_altar_pennies_from_heaven, serial_shops, shop,
          st_stairs_6, minmay_misc_feat_iff, kennysheep_decorative_pillar,
          roderic_serpentine_path
D:2:      layout_rooms, serial_shops, nicolae_shop_trees,
          minmay_fractal_squares_5
D:3:      layout_rooms, serial_shops, nicolae_shop_window_shopping,
          chequers_serial_rivers_micro_c
D:4:      layout_basic, uniq_purgy, uniq_edmund, uniq_sigmund, uniq_menkaure

Skill      XL: |  1  2  3  4  5  6 |
---------------+-------------------+-----
Stealth        | 6 7 8 |  8.6
Dodging        | 2 3 |  3.2
Short Blades   | 3 |  3.9
Fighting       | 3 |  3.7
Throwing       | 3 |  3.7

Action                   |  1- 3 |  4- 6 |  7- 9 || total
-------------------------+-------+-------+-------++-------
Melee: Dagger            |    52 |   146 |    32 ||   230
       Constrict         |    14 |    31 |     5 ||    50
       Tentacles         |     8 |    23 |    11 ||    42
Throw: Dart              |       |    21 |     2 ||    23
Invok: Minor Destruction |       |     4 |     4 ||     8
  Use: Scroll            |     2 |     7 |       ||     9
 Stab: Sleeping          |     9 |    11 |       ||    20
       Distracted        |       |     1 |       ||     1
Armor: Skin              |     5 |     7 |       ||    12
Dodge: Dodged            |    27 |    73 |    16 ||   116

Table legend: (Time is in decaauts)
 A = Elapsed time spent in this place.
 B = Non-inter-level travel time spent in this place.
 C = Inter-level travel time spent in this place.
 D = Time resting spent in this place.
 E = Time spent auto-exploring this place.
 F = Levels seen in this place.
 G = Mean time per level.
                   A        B        C        D        E       F      G
               +--------+--------+--------+--------+--------+-----+--------+
         Total |   5181 |   4927 |    254 |    490 |   3584 |   4 | 1295.2 |
       Dungeon |   5181 |   4927 |    254 |    490 |   3584 |   4 | 1295.2 |
               +--------+--------+--------+--------+--------+-----+--------+

Top non-repeatable levels by time:
     D:4: 2047 daAuts
     D:3: 1258 daAuts
     D:1: 1187 daAuts
     D:2: 688 daAuts
